 Dungeon Crawl Stone Soup version 5.2-4-g6121e92 (webtiles) character file.

78 shitraven the Slasher (level 5, 0/39 HPs)
             Began as a Demonspawn Gladiator on Dec 27, 2017.
             Was an Initiate of Yredelemnul.
             Slain by a scorpion (1 damage)
             ... on level 3 of the Dungeon.
             The game lasted 00:04:35 (1214 turns).

shitraven the Slasher (Demonspawn Gladiator)        Turns: 1214, Time: 00:04:36

Health: 0/39       AC: 14 (34%)Str: 16  XL:     5   Next: 28%
Magic:  5/5        EV:  8    Int:  9    God:    Yredelemnul [0*[15]]
Gold:   151        SH:  0    Dex: 14    Spells: 4/4 levels left

rFire    . . .     SeeInvis .   a - +0 long sword
rCold    . . .     Faith    .   (no shield)
rNeg     . . .     Spirit   .   m - +0 chain mail
rPois    .         Reflect  .   c - +0 helmet
rElec    .                      (no cloak)
rCorr    .                      (no gloves)
MR       .....                  (no boots)
Stlth    ..........             (no amulet)
Regen    0.2/turn               (no ring)
MPRegen  0.4/turn               (no ring)

@: lethally poisoned (0 -> -3)
A: icemail 1, magic regeneration
a: Renounce Religion


You were on level 3 of the Dungeon.
You worshipped Yredelemnul.
Yredelemnul was noncommittal.
You were not hungry.

You visited 1 branch of the dungeon, and saw 3 of its levels.

You collected 151 gold pieces.

Inventory:

Hand Weapons
 a - a +0 long sword (weapon)
Missiles
 d - 12 poisoned darts (quivered)
 e - 3 curare darts
 i - 907 stones
 l - 303 arrows
 o - 65 bolts
Armour
 b - a +0 leather armour
 c - a +0 helmet (worn)
 m - a +0 chain mail (worn)
Scrolls
 j - a scroll of teleportation
 p - a scroll of blinking
 q - a scroll of enchant armour
Potions
 f - a potion of curing
 g - 2 potions of flight
 h - a potion of invisibility
 k - a potion of lignification
 n - a potion of augmentation


   Skills:
 + Level 2.3 Fighting
 + Level 4.4 Blades
 + Level 1.9 Throwing
 + Level 1.3 Armour
 + Level 3.4 Dodging
 + Level 0.2 Stealth


You had 4 spell levels left.
You didn't know any spells.

Dungeon Overview and Level Annotations

Branches:
Dungeon (3/15)

Altars:
Dithmenos
Hepliaklqana
Jiyva
Makhleb
Qazlal
Xom
Yredelemnul
Zin


Innate Abilities, Weirdness & Mutations

A meltable icy envelope protects you from harm. (AC +5)
You regenerate magic rapidly.


Message History

The scorpion stings you but does no damage.
You hit the scorpion (3).
The scorpion is moderately wounded.
You feel sick.
The scorpion stings you but does no damage.
You closely miss the scorpion.
The scorpion is moderately wounded.
The scorpion stings you but does no damage.
The scorpion stings you (5).
* * * LOW HITPOINT WARNING * * *
You hit the scorpion but do no damage.
The scorpion is moderately wounded.
* * * LOW HITPOINT WARNING * * *
You feel sick. The scorpion stings you (1).
* * * LOW HITPOINT WARNING * * *
You slash the scorpion (11)!
The scorpion is almost dead.
The scorpion stings you (1).
You die...
Your body rises from the dead as a mindless zombie.

##._..._.........#
#................# # .
#._..8.._........# #
..##............[..## #
....._..._....)...# #
...........##....## # .
.#.#.....####)..# #
....#.#...#.# #.).# #
#.....@..#.# #...# #
....#>s.....####...#####
.# #...................
..................#..
#.#...................
#.##.)...#####...##### #
.....## #...# #.####
#...# #...#


You could see a scorpion.

Vanquished Creatures
  Jessica (D:2)
  3 worker ants (D:3)
  3 adders
  3 dart slugs (D:1)
  3 orcs (D:3)
  A quokka (D:2)
  5 giant cockroaches
  3 goblins
  4 hobgoblins
  3 jackals (D:3)
  A bat (D:1)
  2 frilled lizards
  5 kobolds
  8 rats
45 creatures vanquished.

Vanquished Creatures (others)
  A hobgoblin (D:1)
1 creature vanquished.

Grand Total: 46 creatures vanquished

Notes
Turn   | Place    | Note
-------+----------+-------------------------------------------
     0 | D:1      | shitraven the Demonspawn Gladiator began the quest for the Orb.
     0 | D:1      | Reached XP level 1. HP: 16/16 MP: 1/1
    44 | D:1      | Gained mutation: A meltable icy envelope protects you from harm. (AC +5) [demonic ancestry]
    44 | D:1      | Reached XP level 2. HP: 22/22 MP: 2/2
   197 | D:1      | Reached skill level 3 in Blades
   537 | D:2      | Found a faded altar of an unknown god.
   571 | D:2      | Found a stormy altar of Qazlal.
   577 | D:2      | Noticed Jessica
   585 | D:2      | Killed Jessica
   585 | D:2      | Reached XP level 3. HP: 19/27 MP: 3/3
   808 | D:2      | Reached XP level 4. HP: 32/33 MP: 4/4
  1007 | D:2      | Became a worshipper of Dithmenos the Shadowed
  1007 | D:2      | Reached * piety under Dithmenos
  1031 | D:3      | Reached skill level 4 in Blades
  1038 | D:3      | Found a viscous altar of Jiyva.
  1125 | D:3      | Found a shimmering altar of Xom.
  1125 | D:3      | Found a hazy altar of Hepliaklqana.
  1143 | D:3      | Reached skill level 1 in Armour
  1143 | D:3      | Gained mutation: You regenerate magic rapidly. [demonic ancestry]
  1143 | D:3      | Reached XP level 5. HP: 23/39 MP: 5/5
  1172 | D:3      | Found a basalt altar of Yredelemnul.
  1182 | D:3      | Found a glowing silver altar of Zin.
  1182 | D:3      | Found a burning altar of Makhleb.
  1183 | D:3      | Found a shadowy altar of Dithmenos.
  1191 | D:3      | Fell from the grace of Dithmenos
  1191 | D:3      | Became a worshipper of Yredelemnul the Dark
  1213 | D:3      | HP: 1/39 [scorpion (1)]
  1214 | D:3      | Slain by a scorpion

Skill      XL: |  1  2  3  4 |
---------------+-------------+-----
Dodging        | 3 |  3.4
Blades         | 3 4 |  4.4
Armour         | 1 |  1.3
Fighting       | |  2.3
Throwing       | |  1.9
Stealth        | |  0.2

Action                   |  1- 3 |  4- 6 || total
-------------------------+-------+-------++-------
Melee: Long sword        |    93 |    99 ||   192
Armor: Leather armour    |    18 |       ||    18
       Chain mail        |    76 |   102 ||   178
Dodge: Dodged            |    83 |    83 ||   166
